 Dungeon Crawl Stone Soup version 0.31.0-9-g3a7656b989 (webtiles) character file.

Game seed: 4191156470892620794

583 sanka the Ruffian (level 7, -6/62 HPs)
             Began as a Troll Shapeshifter on Jan 24, 2024.
             Mangled by an orc warrior
             ... wielding a +0 battleaxe
              (14 damage)
             ... on level 6 of the Dungeon.
             The game lasted 00:04:12 (3095 turns).

sanka the Ruffian (Troll Shapeshifter)              Turns: 3095, Time: 00:04:13

Health: -6/62      AC:  4    Str: 23    XL:     7   Next: 14%
Magic:  6/6        EV:  9    Int:  6    God:
Gold:   329        SH:  0    Dex: 11    Spells: 6/6 levels left

rFire   . .          .
                       - Unarmed
rCold   . . .        (no shield)
rNeg    . . .        a - +0 animal skin
rPois   .            (helmet currently unavailable)
rElec   .            (cloak currently unavailable)
rCorr   .            (gloves unavailable)
SInv    .            (boots unavailable)
Will    .....        k - amulet of regeneration
Stlth   +            (no ring)
HPRegen 1.90/turn    (no ring)
MPRegen 0.10/turn

%: no passive effects
@: beast-form, hasted, very quick
A: beast (slay +2), large, unfitting armour, claws 3, regeneration 1, shaggy fur
1, tough skin 1
a: Begin Untransformation


You were on level 6 of the Dungeon.
You were a hulking beast.
You visited 2 branches of the dungeon, and saw 5 of its levels.

You collected 329 gold pieces.


Innate Abilities, Weirdness & Mutations

You are a hulking beast.
Your limbs bulge with bestial killing power. (Slay +2)
You are too large for most types of armour.
You have claws for hands.
Your natural rate of healing is unusually fast.
You are covered in fur. (AC +1)
You have tough skin. (AC +1)


   Skills:
 - Level 1.0 Fighting
 - Level 1.5 Dodging
 * Level 7.0 Unarmed Combat
 + Level 4.9 Shapeshifting


You had 6 spell levels left.
You didn't know any spells.
Your spell library contained the following spells:

 Spells                   Type           Power      Damage    Failure   Level
 Call Imp                 Summ           0%         N/A       58%         2
 Jinxbite                 Hex            0%         N/A       58%         2
 Scorch                   Fire           0%         2d5       58%         2
 Static Discharge         Conj/Air       0%         3-3/arc   58%         2
 Sublimation of Blood     Necr           0%         N/A       58%         2
 Airstrike                Air            0%         2d(0-16)  99%         4
 Summon Lightning Spire   Summ/Air       0%         N/A       99%         4
 Fireball                 Conj/Fire      0%         3d3       100%        5
 Yara's Violent Unravell  Hex/Alch       0%         3d3       100%        5
 Starburst                Conj/Fire      0%         6d3       100%        6
 Enfeeble                 Hex            0%         N/A       100%        7
 Summon Hydra             Summ           0%         N/A       100%        7

Inventory:

Missiles
 s - a throwing net {=f}
Armour
 a - a +0 animal skin (worn)
 p - a +0 kite shield
Magical Staves
 f - a staff of death
Jewellery
 k - an amulet of regeneration (around neck)
Talismans
 c - a beast talisman
 d - a flux talisman
Wands
 l - a wand of flame (15)
Scrolls
 g - 2 scrolls of identify {@r1}
 h - 4 scrolls of teleportation {@r4}
 i - a scroll of enchant weapon
 o - 2 scrolls of immolation {!r}
 t - a scroll of blinking
 u - a scroll of acquirement
Potions
 b - a potion of lignification {!q}
 e - a potion of haste {@q3}
 j - a potion of magic {unknown}
 m - a potion of enlightenment {unknown}
 n - a potion of mutation {unknown}
 q - a potion of heal wounds {unknown}
 r - a potion of curing {unknown}
 v - a potion of might {unknown}

Dungeon Overview and Level Annotations

Branches:
Dungeon (6/15)             Temple (1/1) D:6

Altars:
Dithmenos
Elyvilon
Fedhas
Gozag
Hepliaklqana
Kikubaaqudgha
Nemelex Xobeh
Wu Jian
Zin

...........▒▒▒▒▒....▒▒▒..........
.............▒......▒ ▒▒.......▒▒
........(...........▒▒ ▒...▒...▒
▒▒.(....▒▒▒...▒▒▒▒...▒▒▒.▒▒▒▒..▒▒
▒▒▒▒..▒▒ ▒▒...▒▒▒......≈≈≈≈≈≈≈≈≈
▒ ▒▒..▒ ▒▒...▒▒▒.....≈▒▒≈≈≈▒▒≈
▒▒▒▒...▒▒▒▒▒▒....▒o....▒≈▒▒▒▒▒▒▒≈
................o{o▒▒..▒≈≈▒...▒≈≈
..▒▒▒▒......▒▒▒▒h▒▒▒▒▒..oo'..[▒≈≈
▒▒▒ ▒.▒▒▒▒▒▒ ▒.▒ ▒..≈≈▒o..▒≈≈ ▒
▒▒.▒ ▒.▒ ▒..≈▒▒▒▒▒▒▒≈ ▒ ▒.▒ ▒.▒
▒▒.≈▒▒≈≈≈▒▒≈ ▒ ▒.▒ ▒.▒
▒.≈≈≈≈≈≈≈≈≈ ▒ ▒▒▒ ▒.▒
▒▒....▒▒▒▒▒▒ ▒.▒ ▒▒.▒▒▒▒.▒ ▒▒▒
▒.▒▒ ▒▒▒ ▒▒▒


You could see an orc warrior and 2 orc priests.


Message History

The orc warrior is lightly wounded.
You scratch the orc warrior but do no damage.
The orc warrior is lightly wounded.
The orc warrior closely misses you.
You scratch the orc warrior.
The orc warrior is moderately wounded.
The orc warrior hits you with a +0 battleaxe!!
* * * LOW HITPOINT WARNING * * *
You completely miss the orc warrior.
The orc warrior is moderately wounded.
You miss something.
The orc warrior hits you with a +0 battleaxe.
* * * LOW HITPOINT WARNING * * *
Something hits you.
* * * LOW HITPOINT WARNING * * *
Unknown command.
You miss something.
The orc warrior hits you with a +0 battleaxe!
* * * LOW HITPOINT WARNING * * *
Something hits you but does no damage.
Unknown command.
You closely miss the orc warrior.
The orc warrior is lightly wounded.
The orc warrior barely misses you.
Unknown command.
It was a potion of haste.
You feel yourself speed up.
The orc priest hits you but does no damage.
The orc warrior hits you with a +0 battleaxe!
You die...

Action                     |  1- 3 |  4- 6 |  7- 9 || total
---------------------------+-------+-------+-------++-------
  Melee: Unarmed           |   100 |    92 |    18 ||   210
         Punch             |     1 |     1 |       ||     2
    Use: Potion            |     1 |       |     1 ||     2
         Scroll            |       |     5 |       ||     5
 Armour: Animal skin       |    71 |    45 |    17 ||   133
         Skin              |     3 |     2 |       ||     5
  Dodge: Dodged            |    37 |    33 |     6 ||    76

Levels and vault maps discovered:
D:1:      zaba_arrival_water, layout_basic, reono_crystal_passage,
          minmay_misc_feat_ornament, minivault_5
D:2:      layout_basic, uniq_robin
D:3:      layout_loops_ring, hellmonk_overflow_destroyed_library,
          amcnicky_altar_gilded
D:6:      layout_layer_cave, nicolae_elyvilon_peaceful_grove,
          lemuel_doored_altar, minmay_temple_entry_trees, grunt_ministairs_1,
          lightli_minifort
Temple:   nicolae_temple_superstar

Notes
Turn   | Place    | Note
-------+----------+-------------------------------------------
     0 | D:1      | sanka the Troll Shapeshifter began the quest for the Orb.
     0 | D:1      | Reached XP level 1. HP: 18/18 MP: 0/0
   100 | D:1      | Reached skill level 1 in Fighting
   171 | D:1      | Reached XP level 2. HP: 27/27 MP: 1/1
   946 | D:2      | Reached skill level 4 in Unarmed Combat
   946 | D:2      | Reached XP level 3. HP: 31/33 MP: 2/2
  1207 | D:2      | Noticed Robin
  1232 | D:2      | HP: 2/28 [goblin/+2 dagger of draining[Robin] (1)]
  1237 | D:2      | HP: 1/42 [Robin/+0 short sword (3)]
  1240 | D:2      | Killed Robin
  1241 | D:2      | Reached XP level 4. HP: 8/37 MP: 3/3
  1758 | D:3      | Found a blossoming altar of Fedhas.
  1949 | D:3      | Reached skill level 5 in Unarmed Combat
  1949 | D:3      | Reached XP level 5. HP: 43/48 MP: 4/4
  2140 | D:6      | Found a hazy altar of Hepliaklqana.
  2170 | D:6      | Identified a scroll of acquirement
  2193 | D:6      | Noticed a black bear
  2199 | D:6      | Killed a black bear
  2200 | D:6      | Reached skill level 4 in Shapeshifting
  2253 | D:6      | Reached XP level 6. HP: 55/55 MP: 5/5
  2373 | D:6      | Reached skill level 6 in Unarmed Combat
  2515 | D:6      | Got the Volume of Energy and Ignition
  2615 | D:6      | Reached XP level 7. HP: 46/62 MP: 6/6
  2831 | D:6      | Found a staircase to the Ecumenical Temple.
  2842 | Temple   | Entered the Ecumenical Temple
  2860 | D:6      | Found a white marble altar of Elyvilon.
  2879 | D:6      | Reached skill level 7 in Unarmed Combat
  3093 | D:6      | HP: 4/62 [orc warrior/+0 battleaxe (15)]
  3095 | D:6      | Mangled by an orc warrior

Vanquished Creatures
  A black bear (D:6)
  2 ogres (D:6)
  A bullfrog (D:6)
  An electric eel (D:6)
  A jelly (D:6)
  An orc priest (D:3)
  An iguana (D:6)
  Robin (D:2)
  2 adders (D:2)
  A shadow imp (D:6)
  2 white imps (D:6)
  A dart slug (D:3)
  2 ribbon worms (D:2)
  8 orcs
  11 endoplasms
  2 giant cockroaches (D:1)
  13 goblins
  4 hobgoblins
  2 jackals (D:2)
  2 quokkas
  7 ball pythons
  9 bats
  4 frilled lizards (D:1)
  4 kobolds
  4 rats (D:1)
87 creatures vanquished.
